 Dungeon Crawl Stone Soup version 0.19.1-1-g22dce08 (webtiles) character file.

42 McKennaii the Gusty (level 3, -5/21 HPs)
             Began as a High Elf Air Elementalist on Jan 6, 2017.
             Slain by Terence
             ... wielding a +4 falchion
              (6 damage)
             ... on level 2 of the Dungeon.
             The game lasted 00:07:12 (1346 turns).

McKennaii the Gusty (High Elf Air Elementalist)     Turns: 1346, Time: 00:07:13

Health: -5/21      AC:  3    Str:  7    XL:     3   Next: 33%
Magic:  0/8        EV: 13    Int: 19    God:
Gold:   116        SH:  0    Dex: 16    Spells: 3 memorised, 2 levels left

rFire  + . .     SeeInvis .     h - -1 dagger (curse)
rCold  x . .     Gourm    .     a - +1 robe
rNeg   . . .     Faith    .     (no shield)
rPois  .         Spirit   .     (no helmet)
rElec  .         Reflect  .     (no cloak)
rCorr  .         Harm     .     (no gloves)
MR     .....                    (no boots)
Stlth  ++........               (no amulet)
                                (no ring)
                                k - ring of fire

@: very slightly contaminated
A: no striking features
a: no special abilities


You were on level 2 of the Dungeon.
You were not hungry.

You visited 1 branch of the dungeon, and saw 2 of its levels.

You collected 116 gold pieces.

Inventory:

Hand Weapons
 h - a cursed -1 dagger (weapon)
Armour
 a - a +1 robe (worn)
Jewellery
 k - a ring of fire (left hand)
Scrolls
 d - a scroll of teleportation {unknown}
 e - 3 scrolls of identify
 f - a scroll of magic mapping {unknown}
 i - a scroll of enchant weapon
 l - 3 scrolls of remove curse {unknown}
Potions
 g - a potion of heal wounds
Books
 b - a book of Air

   Spells                             Type                      Level
   a - Shock                          Conjuration/Air              1
   b - Swiftness                      Charms/Air                   2
   c - Repel Missiles                 Charms/Air                   2
   d - Static Discharge               Conjuration/Air              3
   e - Lightning Bolt                 Conjuration/Air              5
Comestibles
 c - a bread ration
 m - a meat ration


   Skills:
 + Level 2.5 Dodging
 + Level 2.3 Stealth
 + Level 2.9 Spellcasting
 + Level 1.5 Conjurations
 + Level 4.4 Air Magic


You had 2 spell levels left.
You knew the following spells:

 Your Spells              Type           Power        Failure   Level  Hunger
a - Shock                 Conj/Air       ##..         6%          1    None
b - Swiftness             Chrm/Air       ##......     12%         2    ##.....
c - Repel Missiles        Chrm/Air       ##....       12%         2    ##.....


Dungeon Overview and Level Annotations

Branches:
Dungeon (2/15)

Altars:
Okawaru

Annotations:
D:2 Terence


Message History

You miscast Shock.
You are very lightly contaminated with residual magic.
Wisps of smoke drift from your hands. Terence closely misses you.
Casting: Shock
Confirm with . or Enter, or press ? or * to list all spells.
Aiming: Shock
Press: ? - help, Shift-Dir - straight line, f/p - Terence
Aim: Terence, wielding an enchanted falchion and wearing a scale mail (severely wounded)
The zap hits Terence.
Terence appears unharmed.
Terence is severely wounded.
You no longer feel sluggish.
Terence barely misses you.
You barely miss Terence.
Terence is severely wounded.
Terence hits you with an enchanted falchion.
* * * LOW HITPOINT WARNING * * *
You hit Terence but do no damage.
Terence is severely wounded.
Terence hits you with an enchanted falchion.
You die...

.#.##############..>
##>....# #.#
######.# #.# #.# #.#
#.# #.# #.# #.#
##.## #.#
##...##########.#
#..#.......†@@..#
####(...############
.......## ########


You could see Terence.

Vanquished Creatures
  An adder (D:2)
  A worm (D:2)
  A giant cockroach (D:1)
  4 goblins
  4 hobgoblins
  2 jackals (D:2)
  6 bats
  3 frilled lizards
  2 kobolds (D:2)
  5 rats
29 creatures vanquished.

Notes
Turn   | Place    | Note
-------+----------+-------------------------------------------
     0 | D:1      | McKennaii the High Elf Air Elementalist began the quest for the Orb.
     0 | D:1      | Reached XP level 1. HP: 11/11 MP: 4/4
   325 | D:1      | Reached XP level 2. HP: 17/17 MP: 2/6
   404 | D:1      | Reached skill level 4 in Air Magic
   604 | D:1      | Learned a level 2 spell: Swiftness
   607 | D:1      | Learned a level 2 spell: Repel Missiles
   707 | D:2      | Noticed Terence
   806 | D:2      | Found an iron altar of Okawaru.
   896 | D:2      | Reached XP level 3. HP: 3/21 MP: 0/8
  1345 | D:2      | HP: 1/21 [Terence/enchanted falchion (5)]
  1346 | D:2      | Slain by Terence

Skill      XL: |  1  2 |
---------------+-------+-----
Air Magic      | 4 |  4.4
Dodging        | |  2.5
Stealth        | |  2.3
Spellcasting   | |  2.9
Conjurations   | |  1.5

Action                   || total
-------------------------++-------
Melee: Dagger            ||    60
       Unarmed           ||     1
 Cast: Shock             ||    64
       Swiftness         ||     1
  Use: Scroll            ||     6
       Potion            ||     1
  Eat: Fruit             ||     5
Armor: Robe              ||    25
Dodge: Dodged            ||    65
